 Dungeon Crawl Stone Soup version 0.25-a0-100-g33052ceff8 (webtiles) character file.

Game seed: 17714343641308114608, levelgen mode: deterministic

4123 Cinder the Cleaver (level 10, -9/91 HPs)
             Began as a Minotaur Berserker on Nov 14, 2019.
             Was a High Priest of Trog.
             Mangled by Erolcha
             ... wielding a +5 giant spiked club
              (28 damage)
             ... on level 10 of the Dungeon.
             The game lasted 00:19:19 (8660 turns).

Cinder the Cleaver (Minotaur Berserker)             Turns: 8660, Time: 00:19:19

Health: -9/91      AC: 13    Str: 23    XL:     10   Next: 6%
Magic:  9/9        EV:  7    Int:  5    God:    Trog [*****.]
Gold:   534        SH:  0    Dex: 11    Spells: 9/9 levels left

rFire    . . .     SeeInvis +   G - +12 mace of Quick Death {flame, SInv}
rCold    + . .     Gourm    .   (no shield)
rNeg     . . .     Faith    .   p - +0 plate armour
rPois    .         Spirit   .   (helmet restricted)
rElec    .         Reflect  .   W - scarf {repulsion}
rCorr    .         Harm     .   (no gloves)
MR       +....                  (no boots)
Stlth    ..........             (no amulet)
HPRegen  0.25/turn              F - ring of protection from cold
MPRegen  0.11/turn              C - ring of protection from magic (curse)

@: lightly drained, repel missiles
A: retaliatory headbutt, horns 2
a: Berserk, Trog's Hand, Brothers in Arms, Renounce Religion


You were on level 10 of the Dungeon.
You worshipped Trog.
Trog was extremely pleased with you.
You were not hungry.

You visited 1 branch of the dungeon, and saw 10 of its levels.

You collected 534 gold pieces.

Inventory:

Hand Weapons
 a - a +0 hand axe
 w - a +2 hand axe of flaming
 x - a +2 whip of venom
 G - the +12 mace of Quick Death (weapon) {flame, SInv}
   (You found it on level 5 of the Dungeon)

   It has been specially enchanted to burn those struck by it, causing extra
   injury to most foes and up to half again as much damage against particularly
   susceptible opponents.
   It lets you see invisible.
Missiles
 m - 280 stones (quivered)
 O - 10 poisoned darts
Armour
 b - a +0 animal skin
 j - a +0 ring mail
 p - a +0 plate armour (worn)
 E - a +0 cloak
 H - a +0 buckler
 W - a scarf of repulsion (worn)
Jewellery
 g - an uncursed ring of protection from magic
 n - a +2 ring of protection
 q - an uncursed ring of fire
 C - a cursed ring of protection from magic (right hand)
 F - a ring of protection from cold (left hand)
 K - an uncursed ring of flight
 P - an uncursed amulet of regeneration {unknown}
 T - an uncursed ring of resist corrosion {unknown}
 U - an uncursed ring of poison resistance {unknown}
Wands
 v - a wand of polymorph (17)
 N - a wand of random effects (15)
 R - a wand of acid (7)
 V - a wand of iceblast (7)
Scrolls
 e - 3 scrolls of remove curse
 f - 6 scrolls of teleportation
 l - 2 scrolls of enchant armour {unknown}
 o - 2 scrolls of amnesia
 r - 5 scrolls of identify
 t - a scroll of blinking {unknown}
 u - 2 scrolls of fear
 y - 2 scrolls of fog {unknown}
 J - a scroll of holy word {unknown}
 L - a scroll of immolation {unknown}
 Q - a scroll of enchant weapon {unknown}
 S - a scroll of acquirement {unknown}
Potions
 d - 3 potions of agility
 h - 2 potions of flight {unknown}
 i - 4 potions of curing {unknown}
 k - 5 potions of might {unknown}
 s - a potion of invisibility {unknown}
 z - a potion of resistance {unknown}
 A - a potion of magic {unknown}
 B - 2 potions of heal wounds {unknown}
 D - 2 potions of berserk rage {unknown}
 I - a potion of haste {unknown}
 M - 2 potions of mutation {unknown}
Miscellaneous
 X - a lamp of fire
Comestibles
 c - 17 rations


   Skills:
 + Level 9.5(9.0) Fighting
 * Level 12.6(12.0) Axes
 + Level 8.8(8.4) Armour
 - Level 2.1(1.8) Dodging


You had 9 spell levels left.
You didn't know any spells.
Your spell library was empty.

Dungeon Overview and Level Annotations

Branches:
Dungeon (10/15)            Temple (0/1) D:6
   Lair: D:8-11         Orc: D:9-12

Altars:
Ashenzari
Elyvilon
Fedhas
Makhleb
Nemelex Xobeh
Okawaru
Qazlal
Sif Muna
Uskayaw
Wu Jian
Xom

Shops:
D:8 :

Annotations:
D:10 Erolcha


Innate Abilities, Weirdness & Mutations

You reflexively headbutt those who attack you in melee.
You have a pair of horns on your head.


Message History

Your plate armour prevents you from hitting Erolcha.
Your headbutt misses Erolcha. Erolcha hits you but does no damage.
You barely miss Erolcha. Erolcha barely misses you.
You sock Erolcha! You burn Erolcha. You headbutt Erolcha.
Erolcha is moderately wounded.
Erolcha points at you and mumbles some strange words.
The crystal spear hits you!!!
Erolcha tries to grin evilly.
Erolcha points at you and mumbles some strange words.
The crystal spear hits you!
Okay, then.
You barely miss Erolcha.
Erolcha is moderately wounded.
Erolcha hits you with a +5 giant spiked club!!
* * * LOW HITPOINT WARNING * * *
Unknown command.
You bludgeon Erolcha!! You burn Erolcha.
Erolcha is severely wounded.
Erolcha hits you with a +5 giant spiked club!!
You die...

#.................###
#.....##########..#
#...>.# #..# #..<..#
#..# #...?.# #..#
#.....# #..#
#.....###### #..#
#........... ....
#...@....... ....#
#...O....... ....#
#........... $....#
#...........
#...........
#......##### #......#
#......#


You could see Erolcha.

Vanquished Creatures
  An ugly thing (D:7)
  Eustachio (D:6)
  A steam dragon (D:9)
  A water moccasin (D:8)
  An orc warrior (D:6)
  An ice beast (D:9)
  3 sky beasts
  An ogre (D:4)
  2 phantoms
  6 centaurs
  A crocodile (D:6)
  6 bullfrogs
  A scorpion (D:4)
  4 wights (D:10)
  A howler monkey (D:8)
  7 crimson imps
  4 hounds
  A quasit (D:9)
  2 centaur zombies
  A centaur skeleton (D:8)
  6 orc wizards
  7 orc priests
  3 bullfrog skeletons
  2 iguanas
  5 worker ants
  A killer bee zombie (D:8)
  A centaur simulacrum (D:9)
  2 hound zombies
  A hound skeleton (D:6)
  A howler monkey zombie (D:9)
  A worker ant zombie (D:6)
  3 gnolls (D:7)
  10 adders
  2 shadow imps
  2 oozes
  An adder skeleton (D:9)
  4 worms
  3 dart slugs
  5 leopard geckos
  31 orcs
  A ball python (D:4)
  10 bats
  5 giant cockroaches
  5 goblins
  6 hobgoblins
  8 jackals
  5 quokkas
  4 frilled lizards
  A leopard gecko skeleton (D:9)
  A quokka skeleton (D:8)
  A quokka zombie (D:6)
  6 rats
190 creatures vanquished.

Notes
Turn   | Place    | Note
-------+----------+-------------------------------------------
     0 | D:1      | Cinder the Minotaur Berserker began the quest for the Orb.
     0 | D:1      | Reached XP level 1. HP: 19/19 MP: 0/0
   316 | D:1      | Reached skill level 4 in Axes
   328 | D:1      | Reached XP level 2. HP: 22/27 MP: 1/1
   969 | D:2      | Reached XP level 3. HP: 26/33 MP: 2/2
  1332 | D:2      | Reached skill level 5 in Axes
  1491 | D:2      | Found a sparkling altar of Nemelex Xobeh.
  1650 | D:2      | Reached ** piety under Trog
  1845 | D:3      | Reached XP level 4. HP: 39/41 MP: 3/3
  2367 | D:3      | Reached XP level 5. HP: 41/47 MP: 4/4
  2876 | D:4      | Reached skill level 6 in Axes
  2901 | D:4      | Reached skill level 5 in Fighting
  3007 | D:4      | Noticed an ogre
  3013 | D:4      | Killed an ogre
  3013 | D:4      | Reached XP level 6. HP: 30/56 MP: 5/5
  3287 | D:4      | Reached skill level 7 in Axes
  3378 | D:4      | Reached *** piety under Trog
  3542 | D:5      | Entered Level 5 of the Dungeon
  3673 | D:5      | Found a shattered altar of Ashenzari.
  3928 | D:5      | Got an iridescent mace
  3929 | D:5      | Identified the +12 mace of Quick Death {flame, SInv} (You
                  | found it on level 5 of the Dungeon)
  3963 | D:5      | Reached XP level 7. HP: 42/62 MP: 6/6
  4390 | D:6      | Found a stormy altar of Qazlal.
  4450 | D:6      | Reached skill level 8 in Axes
  4450 | D:6      | Reached skill level 5 in Armour
  4523 | D:6      | Noticed Eustachio
  4530 | D:6      | Killed Eustachio
  4657 | D:6      | Reached XP level 8. HP: 71/71 MP: 7/7
  4677 | D:6      | Reached skill level 9 in Axes
  4729 | D:6      | Found a shimmering altar of Xom.
  5387 | D:6      | Found a staircase to the Ecumenical Temple.
  5565 | D:7      | Noticed a white ugly thing
  5566 | D:7      | Found a burning altar of Makhleb.
  5569 | D:7      | Killed a white ugly thing
  5569 | D:7      | Reached skill level 10 in Axes
  6063 | D:7      | Reached XP level 9. HP: 78/81 MP: 8/8
  6143 | D:7      | Reached **** piety under Trog
  6596 | D:8      | Reached skill level 11 in Axes
  6922 | D:8      | Found an ornate altar of the Wu Jian Council.
  7001 | D:8      | Found a hide-covered altar of Uskayaw.
  7186 | D:8      | Found Puuruul's Book Boutique.
  7306 | D:8      | Found an iron altar of Okawaru.
  7727 | D:9      | Reached skill level 12 in Axes
  7878 | D:9      | Reached ***** piety under Trog
  7962 | D:9      | Found a blossoming altar of Fedhas.
  7962 | D:9      | Found a shimmering blue altar of Sif Muna.
  7962 | D:9      | Found a white marble altar of Elyvilon.
  8329 | D:10     | Entered Level 10 of the Dungeon
  8504 | D:10     | Reached XP level 10. HP: 91/91 MP: 9/9
  8651 | D:10     | Noticed Erolcha
  8660 | D:10     | Mangled by Erolcha

Levels and vault maps discovered:
D:1:      minmay_arrival_glassed_features, layout_basic
D:2:      layout_loops_corners, nemelex_xobeh_ov_fountains_minmay
D:3:      layout_basic, minivault_27
D:4:      layout_cave_pools
D:5:      layout_loops_ring, cheibrodos_ashenzari_chains, first_ration,
          grunt_ministairs_7
D:6:      kennysheep_spiral_hall, layout_basic, xom_butterflies,
          minmay_temple_entry_poolview, grunt_qazlal_clouds, uniq_eustachio
D:7:      layout_basic, old_standard_altar
D:8:      layout_loops_cross, kennysheep_little_box, kennysheep_mini,
          nicolae_overflow_hidden_temple, nicolae_overflow_crystal_walls,
          serial_shops, shop_fountains
D:9:      layout_basic, gammafunk_temple_overflow_forgotten,
          minmay_fractal_squares_gapless_7
D:10:     layout_irregular_city, uniq_erolcha

Skill      XL: |  1  2  3  4  5  6  7  8  9 |
---------------+----------------------------+-----
Axes           | 4 5 6 7 8 10 12 | 12.6
Fighting       | 4 5 6 8 9 |  9.5
Armour         | 3 4 5 7 8 |  8.8
Dodging        | |  2.1

Action                   |  1- 3 |  4- 6 |  7- 9 | 10-12 || total
-------------------------+-------+-------+-------+-------++-------
Melee: Hand axe          |    71 |   119 |       |       ||   190
       Headbutt          |    12 |    18 |    36 |     1 ||    67
       Mace              |       |    13 |   235 |    19 ||   267
  Use: Scroll            |       |     3 |     3 |       ||     6
  Eat: Chunk             |     3 |     6 |    15 |       ||    24
Armor: Ring mail         |     5 |       |       |       ||     5
       Plate armour      |    27 |    72 |   154 |    11 ||   264
Dodge: Dodged            |    30 |    47 |    97 |     5 ||   179
       Deflected         |       |       |     3 |       ||     3

Table legend:
 A = Non-vault XP
 B = Vault XP
 C = Vault XP percentage of total XP
 D = Non-vault monster count
 E = Vault monster count
 F = Vault count percentage of total count
                 A         B        C        D         E       F
            +---------+---------+-------+---------+---------+-------
      Total |    5111 |     779 |  13.2 |     176 |      14 |   7.4
            +---------+---------+-------+---------+---------+-------
        D:1 |      20 |       0 |   0.0 |      10 |       0 |   0.0
        D:2 |      57 |       0 |   0.0 |      18 |       0 |   0.0
        D:3 |     136 |       0 |   0.0 |      26 |       0 |   0.0
        D:4 |     433 |       0 |   0.0 |      17 |       0 |   0.0
        D:5 |     141 |      55 |  28.1 |       5 |       2 |  28.6
        D:6 |     614 |     269 |  30.5 |      15 |       5 |  25.0
        D:7 |    1227 |       0 |   0.0 |      20 |       0 |   0.0
        D:8 |    1328 |       0 |   0.0 |      32 |       0 |   0.0
        D:9 |     672 |     455 |  40.4 |      22 |       7 |  24.1
       D:10 |     483 |       0 |   0.0 |      11 |       0 |   0.0
            +---------+---------+-------+---------+---------+-------
